 Dungeon Crawl Stone Soup version 0.27-a0-1065-ge809cff456 (webtiles) character file.

Game seed: 5732200350635496027

109 Feb132020 the Digger (level 4, -1/24 HPs)
             Began as a Deep Elf Earth Elementalist on Apr 23, 2021.
             Slain by an orc wizard
             ... wielding a +0 dagger
              (5 damage)
             ... on level 2 of the Dungeon.
             The game lasted 00:07:34 (2529 turns).

Feb132020 the Digger (Deep Elf Earth Elementalist)  Turns: 2529, Time: 00:07:35

Health: -1/24      AC:  3    Str:  5    XL:     4   Next: 59%
Magic:  11/11      EV: 13    Int: 20    God:
Gold:   43         SH:  0    Dex: 16    Spells: 3/10 levels left

rFire    . . .     SeeInvis .   l - +0 short sword (venom)
rCold    . . .     Faith    .   (no shield)
rNeg     . . .     Spirit   .   c - +0 robe
rPois    .         Reflect  .   j - +0 helmet
rElec    .         Harm     .   (no cloak)
rCorr    .         Rampage  .   (no gloves)
Will     .....                  (no boots)
Stlth    +.........             (no amulet)
HPRegen  0.08/turn              (no ring)
MPRegen  0.12/turn              (no ring)

@: confused
A: no striking features
a: no special abilities


You were on level 2 of the Dungeon.
You visited 1 branch of the dungeon, and saw 3 of its levels.

You collected 43 gold pieces.

Inventory:

Hand Weapons
 k - a +0 dagger
 l - a +0 short sword of venom (weapon)
Missiles
 b - 52 stones
 i - 13 poisoned darts
Armour
 c - a +0 robe (worn)
 j - a +0 helmet (worn)
Scrolls
 a - a scroll of enchant weapon {unknown}
 e - 2 scrolls of identify {unknown}
 h - a scroll of silence {unknown}
Potions
 d - a potion of brilliance {unknown}
 f - a potion of flight {unknown}
 g - a potion of magic {unknown}
 m - a potion of berserk rage {unknown}
 n - a potion of curing {unknown}


   Skills:
 + Level 1.1 Short Blades
 + Level 2.9 Dodging
 + Level 3.4 Stealth
 + Level 3.7 Spellcasting
 * Level 1.1 Conjurations
 + Level 1.1 Transmutations
 + Level 4.4 Earth Magic


You had 3 spell levels left.
You knew the following spells:

 Your Spells              Type           Power      Damage    Failure   Level
a - Sandblast             Erth           42%        2d11      1%          1
b - Passwall              Tmut/Erth      11%        N/A       6%          2
c - Magic Dart            Conj           32%        1d4       9%          1
d - Stone Arrow           Conj/Erth      28%        3d8       13%         3

Your spell library contained the following spells:

 Spells                   Type           Power      Damage    Failure   Level
 Blink                    Tloc           N/A        N/A       21%         2
 Call Imp                 Summ           3%         N/A       21%         2
 Slow                     Hex            3%         N/A       21%         2
 Conjure Flame            Conj/Fire      5%         6-21      32%         3
 Mephitic Cloud           Conj/Pois/Air  5%         N/A       34%         3
 Petrify                  Tmut/Erth      14%        N/A       38%         4
 Lee's Rapid Deconstruct  Erth           10%        3d9*      50%         5


Dungeon Overview and Level Annotations

Branches:
Dungeon (3/15)

Altars:


Message History

There is a stone staircase leading down here.
You climb downwards.
An orc, an orc priest and an orc wizard come into view.
The orc is wielding a +1 mace of holy wrath.
There is a stone staircase leading up here.
The helpless orc wizard fails to defend itself.
You puncture the orc wizard!
The orc wizard is almost dead.
The orc wizard casts a spell at you.
You are confused.
The orc shouts!
The orc priest shouts!
The orc priest looks satisfied for a moment.
The orc wizard misses you.
In your confused state, you trip and fall back down the stairs.
The orc wizard points at you and mumbles some strange words.
You are more confused.
You're too confused to move!
You bump into the rock wall.
The orc hits you with a +1 mace of holy wrath.
You bump into the rock wall.
The orc hits you but does no damage.
You hit the orc but do no damage.
The orc is poisoned.
The orc hits you with a +1 mace of holy wrath!
The orc wizard casts a spell at itself.
The orc wizard flickers and vanishes!
Deactivating autopickup; reactivate with Ctrl-A.
The orc priest invokes the aid of Beogh against you.
Beogh smites you!
* * * LOW HITPOINT WARNING * * *
The orc barely misses you.
You climb upwards.
Reactivating autopickup.
There is a stone staircase leading down here.
The orc closely misses you.
You kill the orc!
Something hits you but does no damage.
Deactivating autopickup; reactivate with Ctrl-A.
Unknown command.
You start resting.
Something hits you.
You die...

#.#######.# ##..# #.#
###.#....<..# #####...###.#
....#.####### #.........#.#
......# ####.###..##.#.#
##..### #.....##..##.#.#
#..########.....##..##.#.##
#...............##........#
#.#########....)##...#.#..#
#.# #...>@...†.#.#..# #.#
#.#..###..##.#..#####
##.###
#.#..........#......#
<....#
#.##...........####.#
##.#.# #.##########.### #.#
#.#.# #.....# #.# #.# #.#.#
#####.# #.# #.# #.#.# #.#
#.# #.# #.#.## #.# #.# #.#


There were no monsters in sight!

Vanquished Creatures
  A scorpion (D:2)
  2 worms (D:2)
  2 dart slugs
  An orc (D:2)
  4 ball pythons (D:2)
  2 endoplasms (D:1)
  2 goblins
  6 hobgoblins
  6 jackals (D:2)
  2 quokkas (D:1)
  2 bats
  3 frilled lizards
  3 kobolds (D:1)
  3 rats
39 creatures vanquished.

Notes
Turn   | Place    | Note
-------+----------+-------------------------------------------
     0 | D:1      | Feb132020 the Deep Elf Earth Elementalist began the quest
                  | for the Orb.
     0 | D:1      | Reached XP level 1. HP: 10/10 MP: 6/6
   632 | D:1      | Reached XP level 2. HP: 7/15 MP: 4/8
   635 | D:1      | Learned a level 2 spell: Passwall
  1105 | D:1      | Reached skill level 4 in Earth Magic
  1435 | D:2      | Learned a level 1 spell: Magic Dart
  1481 | D:2      | Reached XP level 3. HP: 18/19 MP: 7/9
  1523 | D:2      | Learned a level 3 spell: Stone Arrow
  1709 | D:2      | Noticed a scorpion
  1719 | D:2      | Killed a scorpion
  1720 | D:2      | Reached skill level 1 in Conjurations
  1720 | D:2      | Reached XP level 4. HP: 10/24 MP: 6/11
  2325 | D:2      | Reached skill level 1 in Short Blades
  2529 | D:2      | Slain by an orc wizard

Illustrated notes

Levels and vault maps discovered:
D:1:      shiori_arrival_oz, layout_basic, minmay_tiny_reverse_x
D:2:      layout_loops_ring
D:3:      layout_loops_ring, grunt_temple_overflow_diamond,
          ebering_ghost_disaster_area

Skill      XL: |  1  2  3  4 |
---------------+-------------+-----
Earth Magic    | 4 |  4.4
Stealth        | 3 |  3.4
Conjurations   | 1 |  1.1
Short Blades   | 1 |  1.1
Dodging        | |  2.9
Spellcasting   | |  3.7
Transmutations | |  1.1

Action                   |  1- 3 |  4- 6 || total
-------------------------+-------+-------++-------
Melee: Short sword       |    30 |    17 ||    47
       Dagger            |     1 |       ||     1
 Cast: Sandblast         |    36 |     8 ||    44
 Stab: Sleeping          |     5 |     2 ||     7
       Distracted        |     1 |       ||     1
Armor: Robe              |     7 |     3 ||    10
Dodge: Dodged            |    37 |     8 ||    45

Table legend: (Time is in decaauts)
 A = Elapsed time spent in this place.
 B = Non-inter-level travel time spent in this place.
 C = Inter-level travel time spent in this place.
 D = Time resting spent in this place.
 E = Time spent auto-exploring this place.
 F = Levels seen in this place.
 G = Mean time per level.
                   A        B        C        D        E       F      G
               +--------+--------+--------+--------+--------+-----+--------+
         Total |   2531 |   2439 |     92 |    270 |   1865 |   3 |  843.7 |
       Dungeon |   2531 |   2439 |     92 |    270 |   1865 |   3 |  843.7 |
               +--------+--------+--------+--------+--------+-----+--------+

Top non-repeatable levels by time:
     D:2: 1274 daAuts
     D:1: 1248 daAuts
     D:3: 8 daAuts
